 Dungeon Crawl Stone Soup version 0.22.1-1-ga44c0e5 (webtiles) character file.

3529 dvd the Grappler (level 9, -3/80 HPs)
             Began as a Troll Transmuter on Nov 10, 2018.
             Was a Follower of Qazlal.
             Slain by a hornet (13 damage)
             ... on level 8 of the Dungeon.
             The game lasted 00:18:16 (6272 turns).

dvd the Grappler (Troll Transmuter)                 Turns: 6272, Time: 00:18:17

Health: -3/80      AC:  6    Str: 29    XL:     9   Next: 82%
Magic:  10/10      EV: 11    Int: 14    God:    Qazlal [*.....]
Gold:   396        SH:  2    Dex: 10    Spells: 8/14 levels left

rFire    . . .     SeeInvis .     - Unarmed
rCold    . . .     Gourm    +   (no shield)
rNeg     + . .     Faith    .   x - +0 robe {rN+}
rPois    +         Spirit   .   (helmet restricted)
rElec    .         Reflect  .   o - +0 cloak
rCorr    .         Harm     .   (gloves unavailable)
MR       .....                  (boots unavailable)
Stlth    +.........             (no amulet)
HPRegen  0.63/turn              e - +4 ring of strength
MPRegen  0.12/turn              w - ring of poison resistance

@: mighty, slowed, very slow
A: large, unfitting armour, claws 3, clever 1, fast metabolism 3, gourmand, low
mp 2, regeneration 1, shaggy fur 1, tough skin 2
a: Renounce Religion


You were on level 8 of the Dungeon.
You worshipped Qazlal.
Qazlal was aware of your devotion.
You were completely stuffed.

You visited 2 branches of the dungeon, and saw 9 of its levels.

You collected 396 gold pieces.

Inventory:

Hand Weapons
 k - a +4 mace
 B - a +2 hand axe of electrocution
Missiles
 a - 104 arrows
 i - 2 tomahawks of returning (quivered)
Armour
 o - a +0 cloak (worn)
 x - a +0 robe of positive energy (worn)
 C - a +0 shield
Jewellery
 e - a +4 ring of strength (left claw)
 w - a ring of poison resistance (right claw)
Wands
 D - a wand of acid (13)
 F - a wand of random effects (19)
Scrolls
 g - 11 scrolls of identify
 h - a scroll of blinking
 l - a scroll of magic mapping {unknown}
 n - a scroll of immolation
 r - 2 scrolls of amnesia
 u - 6 scrolls of teleportation
 E - a scroll of enchant armour
Potions
 c - a potion of brilliance
 f - 2 potions of flight
 j - 2 potions of haste
 m - 3 potions of heal wounds
 q - a potion of lignification {unknown}
 A - 2 potions of curing
 H - a potion of resistance
Comestibles
 d - 17 rations
 p - 9 chunks of flesh


   Skills:
 + Level 2.7 Fighting
 + Level 4.9 Dodging
 + Level 0.8 Stealth
 + Level 1.0 Shields
 + Level 9.3 Unarmed Combat
 + Level 3.3 Spellcasting
 * Level 5.4 Transmutations


You had 8 spell levels left.
You knew the following spells:

 Your Spells              Type           Power        Failure   Level  Hunger
a - Beastly Appendage     Tmut           ###...       2%          1    #......
b - Blade Hands           Tmut           ###.......   52%         5    ######.

Your spell library contained the following spells:

 Spells                   Type           Power        Failure   Level  Hunger
 Sticks to Snakes         Tmut           ###.....     3%          2    ##.....
 Flame Tongue             Conj/Fire      #....        21%         1    #......
 Spider Form              Tmut/Pois      #.........   21%         3    ###....
 Throw Flame              Conj/Fire      #.....       30%         2    ##.....
 Conjure Flame            Conj/Fire      #.......     52%         3    ###....
 Inner Flame              Hex/Fire       #.......     52%         3    ###....
 Ice Form                 Ice/Tmut       #.......     56%         4    #####..
 Sticky Flame             Conj/Fire      #.......     90%         4    #####..
 Fireball                 Conj/Fire      #.........   99%         5    ######.


Dungeon Overview and Level Annotations

Branches:
Dungeon (8/15)             Temple (1/1) D:5
   Lair: D:8-11

Altars:
Ashenzari
Cheibriados
Dithmenos
Elyvilon
Fedhas
Gozag
Hepliaklqana
Kikubaaqudgha
Makhleb
Nemelex Xobeh
Okawaru
Qazlal
Sif Muna
Trog
Uskayaw
Vehumet
Xom
Yredelemnul
The Shining One
Beogh

Shops:
D:5 !

Annotations:
D:4 3 runed doors, Jaiteiro's ghost, amateur GnFi


Innate Abilities, Weirdness & Mutations

You are too large for most types of armour.
You have claws for hands.
Your metabolism is lightning-fast.
You like to eat raw meat.
Your natural rate of healing is unusually fast.
You are covered in fur. (AC +1)
You have very tough skin. (AC +2)
Your mind is acute. (Int +2)
Your magical capacity is very low. (-20% MP)


Message History

You feel sick. You block the hornet's attack. The hornet closely misses you.
You feel very mighty all of a sudden.
You feel yourself speed up.
You feel sick. The hornet stings you! The hornet barely misses you.
You barely miss the hornet.
The hornet is moderately wounded.
You feel sick. The hornet stings you!
* * * LOW HITPOINT WARNING * * *
You feel yourself slow down.
You miss the hornet.
The hornet is moderately wounded.
Your horns disappear.
You feel sick. The hornet stings you!
* * * LOW HITPOINT WARNING * * *
The hornet stings you.
* * * LOW HITPOINT WARNING * * *
You are lethally poisoned!
You feel as though you will be slow longer.
You feel better. The hornet completely misses you.
You block the hornet's attack. The hornet stings you!
You die...

#. #.# #.#.#
#.#.# #.#.#
#.#.# ##
#.#.#####.# ..
#.....@y..# ##
##..#######
#.## #.# #####
#.#
....########.#
..#..........#
#.#.##########
#.#.#


You could see a hornet.

Vanquished Creatures
  Prince Ribbit (D:5)
  A wyvern (D:8)
  3 yaks (D:8)
  Menkaure (D:5)
  A warg (D:8)
  Duvessa (D:5)
  An orc warrior (D:6)
  A necrophage (D:6)
  3 ogres
  A sky beast (D:6)
  2 centaurs (D:7)
  A big kobold (D:5)
  4 bullfrogs
  Dowan (D:5)
  2 scorpions
  3 crimson imps
  A jelly (D:5)
  5 hounds
  4 orc priests
  4 iguanas
  11 orc wizards
  6 worker ants
  2 hound skeletons
  7 adders
  4 gnolls (D:5)
  A shadow imp (D:7)
  2 oozes
  An adder skeleton (D:7)
  6 worms
  3 dart slugs
  7 leopard geckos
  29 orcs
  2 giant cockroaches
  2 goblins (D:1)
  5 hobgoblins
  2 jackals (D:2)
  3 quokkas
  13 bats
  10 frilled lizards
  15 kobolds
  7 rats
179 creatures vanquished.

Notes
Turn   | Place    | Note
-------+----------+-------------------------------------------
     0 | D:1      | dvd the Troll Transmuter began the quest for the Orb.
     0 | D:1      | Reached XP level 1. HP: 18/18 MP: 1/1
   265 | D:1      | Reached XP level 2. HP: 20/26 MP: 0/2
   693 | D:1      | Reached XP level 3. HP: 32/32 MP: 4/4
  1231 | D:2      | Reached XP level 4. HP: 40/40 MP: 3/5
  1658 | D:3      | Found a basalt altar of Yredelemnul.
  1721 | D:3      | Reached skill level 4 in Unarmed Combat
  2061 | D:3      | Reached skill level 1 in Fighting
  2537 | D:4      | Reached XP level 5. HP: 40/48 MP: 4/6
  2734 | D:4      | Reached XP level 6. HP: 51/55 MP: 6/8
  2741 | D:4      | Learned a level 5 spell: Blade Hands
  2839 | D:4      | Reached skill level 5 in Unarmed Combat
  3025 | D:4      | Found a runed gate.
  3026 | D:4      | Found a runed gate.
  3026 | D:4      | Noticed Jaiteiro's ghost (amateur GnFi)
  3027 | D:4      | Found a runed gate.
  3037 | D:4      | Found a roughly hewn altar of Beogh.
  3235 | D:5      | Entered Level 5 of the Dungeon
  3241 | D:5      | Noticed Dowan
  3246 | D:5      | Reached XP level 7. HP: 47/62 MP: 9/9
  3286 | D:5      | Killed Dowan
  3293 | D:5      | Noticed Duvessa
  3332 | D:5      | Killed Duvessa
  3332 | D:5      | Reached skill level 6 in Unarmed Combat
  3391 | D:5      | Found an iron altar of Okawaru.
  3415 | D:5      | Noticed Menkaure
  3431 | D:5      | Killed Menkaure
  3431 | D:5      | Reached XP level 8. HP: 24/71 MP: 8/10
  3551 | D:5      | Found a snail-covered altar of Cheibriados.
  3657 | D:5      | Found a shadowy altar of Dithmenos.
  3700 | D:5      | Found Xateu's Distillery.
  3708 | D:5      | Reached skill level 7 in Unarmed Combat
  3793 | D:5      | Found a bloodstained altar of Trog.
  3820 | D:5      | Found a staircase to the Ecumenical Temple.
  3826 | Temple   | Entered the Ecumenical Temple
  3879 | Temple   | Became a worshipper of Qazlal Stormbringer
  3923 | D:5      | Noticed Prince Ribbit
  4007 | D:5      | Killed Prince Ribbit
  4161 | D:5      | Found a blossoming altar of Fedhas.
  4500 | D:6      | Found a glowing golden altar of the Shining One.
  4598 | D:6      | Reached skill level 8 in Unarmed Combat
  4604 | D:6      | Reached XP level 9. HP: 66/77 MP: 12/12
  4971 | D:7      | Found a sparkling altar of Nemelex Xobeh.
  5016 | D:7      | Reached * piety under Qazlal
  5147 | D:7      | Reached skill level 1 in Shields
  5163 | D:7      | Gained mutation: Your magical capacity is low. (-10% MP)
                  | [potion of mutation]
  5163 | D:7      | Gained mutation: Your magical capacity is very low. (-20%
                  | MP) [potion of mutation]
  5163 | D:7      | Gained mutation: Your mind is acute. (Int +2) [potion of
                  | mutation]
  5926 | D:8      | Reached skill level 5 in Transmutations
  5943 | D:8      | Reached skill level 9 in Unarmed Combat
  6271 | D:8      | HP: 1/80 [hornet (5)]
  6272 | D:8      | Slain by a hornet

Skill      XL: |  1  2  3  4  5  6  7  8  9 |
---------------+----------------------------+-----
Transmutations | 2 3 4 5 |  5.4
Unarmed Combat | 4 5 6 8 9 |  9.3
Dodging        | 2 3 4 |  4.9
Fighting       | 1 2 |  2.7
Spellcasting   | 2 3 |  3.3
Shields        | 1 |  1.0
Stealth        | |  0.8

Action                   |  1- 3 |  4- 6 |  7- 9 || total
-------------------------+-------+-------+-------++-------
Melee: Unarmed           |    80 |   174 |   309 ||   563
       Headbutt          |     3 |     3 |    25 ||    31
       Kick              |     2 |    14 |    25 ||    41
       Punch             |       |     2 |     8 ||    10
Throw: Tomahawk          |       |       |     2 ||     2
 Cast: Beastly Appendage |    22 |    26 |    32 ||    80
  Use: Potion            |       |     2 |     9 ||    11
       Scroll            |       |       |    10 ||    10
  Eat: Chunk             |    14 |    22 |    30 ||    66
Armor: Robe              |    46 |    47 |    52 ||   145
Dodge: Dodged            |    44 |    99 |   115 ||   258
Block: Shield            |       |       |    17 ||    17
       Other             |       |       |     7 ||     7
